 Dungeon Crawl Stone Soup version 0.26.0-5-gb5863c6483 (webtiles) character file.

Game seed: 14253460547500903216

44300 Froggeryz the Bludgeoner (level 14, -7/92 HPs)
             Began as a Gargoyle Wanderer on Jan 10, 2021.
             Was the Champion of Okawaru.
             Engulfed by a cloud of freezing vapour (21 damage)
             ... in a Gauntlet.
             The game lasted 00:29:25 (21997 turns).

Froggeryz the Bludgeoner (Gargoyle Wanderer)       Turns: 21997, Time: 00:29:26

Health: -7/92      AC: 22    Str: 22    XL:     14   Next: 28%
Magic:  14/14      EV: 14    Int: 12    God:    Okawaru [******]
Gold:   1230       SH: 14    Dex:  9    Spells: 13/13 levels left

rFire    + . .     SeeInvis +   H - +5 morningstar (freeze)
rCold    . . .     Faith    .   K - +2 kite shield {rF+}
rNeg     + . .     Spirit   .   A - +0 ring mail {Will+}
rPois    ∞         Reflect  .   (no helmet)
rElec    +         Harm     .   y - +0 cloak
rCorr    .         Rampage  .   M - +2 pair of gloves
Will     ++...     NoTele   +   (no boots)
Stlth    +.........             (no amulet)
HPRegen  0.25/turn              F - +4 ring of evasion
MPRegen  0.14/turn              p - ring of see invisible

@: no status effects
A: big wings, negative energy resistance 1, electricity resistance, unbreathing,
petrification resistance, miasma immunity, AC +10
a: Fly, Renounce Religion, Heroism, Finesse


You were in a Gauntlet.
You worshipped Okawaru.
Okawaru was exalted by your worship.
You visited 3 branches of the dungeon, and saw 20 of its levels.
You also visited: Gauntlet.

You collected 1230 gold pieces.

Inventory:

Hand Weapons
 H - a +5 morningstar of freezing (weapon)
Missiles
 e - 35 poisoned darts
 x - 19 curare-tipped darts (quivered)
 J - 9 javelins
Armour
 y - a +0 cloak (worn)
 A - a +0 ring mail of willpower (worn)
 K - a +2 kite shield of fire resistance (worn)
 M - a +2 pair of gloves (worn)
Jewellery
 p - a ring of see invisible (right hand)
 F - a +4 ring of evasion (left hand)
Wands
 g - a wand of digging (6)
 o - a wand of random effects (59)
 r - a wand of iceblast (10)
 u - a wand of polymorph (5)
 D - a wand of acid (11)
 L - a wand of disintegration (14)
Scrolls
 a - 2 scrolls of identify
 b - a scroll of noise
 c - 3 scrolls of fog
 h - 3 scrolls of fear
 i - 6 scrolls of teleportation
 k - 2 scrolls of immolation
 l - 3 scrolls of amnesia
 n - 10 scrolls of remove curse
 t - a scroll of enchant weapon
 w - 2 scrolls of holy word
 E - a scroll of enchant armour
 O - a scroll of blinking
Potions
 d - a potion of haste
 f - 4 potions of ambrosia {unknown}
 j - a potion of might
 m - a potion of brilliance
 q - a potion of cancellation
 v - 2 potions of resistance
 z - 2 potions of magic
 B - 2 potions of heal wounds
 C - 3 potions of curing
 G - a potion of invisibility {unknown}
 I - a potion of flight {unknown}
 N - a potion of berserk rage


   Skills:
 + Level 12.2 Fighting
 - Level 16.6 Maces & Flails
 - Level 10.0 Armour
 - Level 1.0 Dodging
 - Level 2.1 Stealth
 * Level 12.2 Shields


You had 13 spell levels left.
You didn't know any spells.
Your spell library contained the following spells:

 Spells                   Type           Power        Failure   Level
 Animate Skeleton         Necr           0%           56%         1
 Pain                     Necr           0%           56%         1
 Sandblast                Erth           0%           56%         1
 Passwall                 Tmut/Erth      0%           71%         2
 Stone Arrow              Conj/Erth      0%           90%         3
 Vampiric Draining        Necr           0%           90%         3
 Animate Dead             Necr           0%           100%        4
 Petrify                  Tmut/Erth      0%           100%        4
 Agony                    Necr           0%           100%        5
 Lee's Rapid Deconstruct  Erth           0%           100%        5


Dungeon Overview and Level Annotations

Branches:
Dungeon (14/15)            Temple (1/1) D:4            Lair (5/6) D:11
  Swamp (0/4) Lair:3       Spider (0/4) Lair:2          Orc (0/2) D:10
Gauntlet (1/1)
  Slime: Lair:5-6    Vaults: D:13-14

Altars:
Ashenzari
Cheibriados
Dithmenos
Elyvilon
Fedhas
Gozag
Hepliaklqana
Kikubaaqudgha
Makhleb
Nemelex Xobeh
Okawaru
Qazlal
Ru
Sif Muna
Trog
Uskayaw
Vehumet
Wu Jian
Xom
Yredelemnul
Zin
The Shining One

Shops:
D:6 (   D:7 :   D:11 }

Annotations:
D:8 3 runed translucent doors, DerHolg's ghost, novice DrFE
D:14 3 runed translucent doors, Qymaymp's ghost, adept GrEE
Lair:3 3 runed translucent doors, exclusion: oklob plant, Befuwnopp's ghost, journeyman TrHu Gauntlet 9 transporters, 2 runed translucent doors, exclusion: 2 lightning spires


Innate Abilities, Weirdness & Mutations

You are resistant to torment.
Your stone body is resilient. (AC +10)
You are immune to poison.
Your large and strong wings let you fly indefinitely.
You resist negative energy. (rN+)
You are resistant to electric shocks. (rElec)
You can survive without breathing.
You are immune to petrification.
You are immune to miasma.


Message History

The bolt of cold hits you!
* * * LOW HITPOINT WARNING * * *
The catoblepas bellows!
You puncture the ice statue!
The ice statue is almost destroyed.
You block the ice beast's attack.
You sock the ice statue!
The ice statue is almost destroyed.
The ice statue gestures at you. The freezing blast engulfs you.
* * * LOW HITPOINT WARNING * * *
You block the ice beast's attack.
You puncture the ice statue!
You destroy the ice statue!
Okawaru accepts your kill.
The ice beast disappears in a puff of smoke! x2
You are engulfed in freezing vapours.
* * * LOW HITPOINT WARNING * * *
You are engulfed in freezing vapours.
You die...

#≈.#.##.^#.#.##.#.#.##.≈##
≈≈.#.###.###.#.#.#.#.#.≈≈#
#≈.#...9Y###.##8#.#.##.≈##
##.#########.#########.##
#≈....#©.........©#....≈##
≈≈..8.#.8.8.8.8.8.#.8..≈≈#
#≈....#©.........©#....≈##
##.###################.##
#≈.#gx=©..x#.#☼§@○."^#.≈##
≈≈.#.#####g#.#○####..#.≈≈#
#≈.#.#≈≈≈#.#.#☼#^..#.#.≈##
##.#.#.©.#.#.#.#.©.#.#.##
#≈.#.+...+.#.#.#..^#.#.≈##
≈≈.#.#####.#.#.†####.#.≈≈#
#≈.#.......#.#^......#.≈##
##.#########.#########.##
#≈....#©.........©#....≈##


You could see a worldbinder, a lightning spire and a boggart.

Vanquished Creatures
  A stone giant (D:9)
  2 boulder beetles
  3 hydras
  2 centaur warriors
  A catoblepas (Lair:3)
  4 two-headed ogres
  A tengu warrior (D:9)
  A fire crab (Gauntlet)
  A lindwurm (Lair:4)
  Pikel (D:5)
  A wolf spider (D:9)
  5 manticores
  2 ugly things (D:11)
  A cyclops (D:11)
  An elephant (Lair:4)
  3 black mambas (Lair:4)
  A torpor snail (Lair:4)
  An ice statue (Gauntlet)
  Maggie (D:6)
  6 cane toads
  4 rime drakes
  3 komodo dragons
  A queen bee (Lair:4)
  A troll (D:11)
  2 polar bears
  A jumping spider (Lair:2)
  3 meliai (Lair:4)
  2 hornets
  Prince Ribbit (D:8)
  Grinder (D:6)
  6 dream sheep (Lair:5)
  A dream sheep (shapeshifter) (D:14)
  6 blink frogs
  2 redbacks (Lair:2)
  A vampire (D:13)
  2 wyverns
  35 yaks
  4 fire bats (Gauntlet)
  6 basilisks
  6 vampire mosquitoes (Lair:3)
  Menkaure (D:4)
  Edmund (D:4)
  3 wargs
  Duvessa (D:6)
  A soldier ant (D:14)
  10 water moccasins
  2 black bears
  5 orc warriors
  2 phantoms
  4 sky beasts
  4 ogres
  28 wolves
  7 centaurs
  2 big kobolds
  9 bullfrogs
  Dowan (D:6)
  5 scorpions
  7 wights
  33 killer bees
  An electric eel (Lair:3)
  A howler monkey (D:7)
  3 bullfrog zombies
  A lava snake (D:13)
  7 orc priests
  3 centaur skeletons
  6 jellies
  8 hounds
  2 quasits
  Crazy Yiuf (D:4)
  2 bullfrog skeletons
  Jessica (D:2)
  Terence (D:2)
  3 iguanas
  Ijyb (D:3)
  A hell rat (Lair:4)
  6 worker ants
  15 orc wizards
  A hound zombie (D:6)
  A hound skeleton (D:9)
  2 howler monkey skeletons
  2 adders
  4 ufetubi
  10 oozes (D:2)
  3 worms
  A dart slug (D:1)
  6 leopard geckos
  38 orcs
  7 giant cockroaches
  5 goblins
  2 hobgoblins (D:2)
  7 jackals
  19 kobolds
  5 quokkas
  6 bats
  A frilled lizard (D:4)
  2 leopard gecko skeletons
  A leopard gecko zombie (D:7)
  10 rats
449 creatures vanquished.

Vanquished Creatures (others)
  3 bushes (D:11)
  30 fungi
  28 plants
  6 toadstools (D:2)
67 creatures vanquished.

Grand Total: 516 creatures vanquished

Notes
Turn   | Place    | Note
-------+----------+-------------------------------------------
     0 | D:1      | Froggeryz the Gargoyle Wanderer began the quest for the
                  | Orb.
     0 | D:1      | Froggeryz set off with the following items: a +0 short
                  | sword, a +2 leather armour, a +0 spear, a +0 dagger
     0 | D:1      | Reached XP level 1. HP: 20/20 MP: 1/1
    58 | D:1      | Reached skill level 1 in Armour
    90 | D:1      | Reached XP level 2. HP: 25/25 MP: 2/2
   756 | D:2      | Reached XP level 3. HP: 29/29 MP: 3/3
   789 | D:2      | Noticed Terence
   815 | D:2      | Killed Terence
   974 | D:2      | Noticed Jessica
   989 | D:2      | Killed Jessica
   990 | D:2      | Reached skill level 1 in Maces & Flails
   990 | D:2      | Reached XP level 4. HP: 29/35 MP: 4/4
  1689 | D:2      | Reached skill level 2 in Maces & Flails
  1798 | D:2      | Reached XP level 5. HP: 32/39 MP: 5/5
  1811 | D:2      | Reached skill level 3 in Maces & Flails
  1831 | D:2      | Reached skill level 4 in Maces & Flails
  2411 | D:3      | Noticed Ijyb
  2427 | D:3      | Killed Ijyb
  2428 | D:3      | Reached XP level 6. HP: 43/44 MP: 6/6
  2497 | D:3      | Found a broken altar of Ashenzari.
  2764 | D:3      | Found a white marble altar of Elyvilon.
  3186 | D:4      | Found a runed translucent door.
  3187 | D:4      | Noticed Crazy Yiuf
  3242 | D:4      | Found a burning altar of Makhleb.
  3267 | D:4      | Reached skill level 5 in Maces & Flails
  3957 | D:4      | Found a staircase to the Ecumenical Temple.
  3991 | Temple   | Entered the Ecumenical Temple
  4170 | D:4      | Noticed Edmund
  4197 | D:4      | Killed Edmund
  4198 | D:4      | Reached skill level 6 in Maces & Flails
  4198 | D:4      | Reached XP level 7. HP: 45/48 MP: 7/7
  4229 | D:4      | Noticed Menkaure
  4241 | D:4      | Killed Menkaure
  4430 | D:4      | Reached skill level 7 in Maces & Flails
  5002 | D:4      | Killed Crazy Yiuf
  5050 | D:5      | Entered Level 5 of the Dungeon
  5100 | D:5      | Reached XP level 8. HP: 43/54 MP: 8/8
  5174 | D:5      | Found a stormy altar of Qazlal.
  5222 | D:5      | Found a glowing silver altar of Zin.
  5411 | D:5      | Reached skill level 8 in Maces & Flails
  5517 | D:5      | Noticed Pikel
  5542 | D:5      | Killed Pikel
  5543 | D:5      | Reached skill level 9 in Maces & Flails
  6193 | D:5      | Reached skill level 10 in Maces & Flails
  6442 | D:6      | Reached XP level 9. HP: 27/58 MP: 9/9
  6668 | D:6      | Found Omawol's Antique Weapon Shoppe.
  6675 | D:6      | Noticed Grinder
  6685 | D:6      | Killed Grinder
  6686 | D:6      | Reached skill level 11 in Maces & Flails
  6865 | D:6      | Noticed Duvessa
  6865 | D:6      | Noticed Dowan
  6877 | D:6      | Killed Duvessa
  6879 | D:6      | Killed Dowan
  6925 | D:6      | Found a hazy altar of Hepliaklqana.
  7045 | D:6      | Found a bloodstained altar of Trog.
  7048 | D:6      | Found a shadowy altar of Dithmenos.
  7144 | D:6      | Noticed Maggie
  7166 | D:6      | Killed Maggie
  7232 | D:6      | Reached skill level 12 in Maces & Flails
  7591 | D:7      | Found a sparkling altar of Nemelex Xobeh.
  7992 | D:7      | Found Ifubag's Book Boutique.
  8039 | D:7      | Found a broken altar of Ashenzari.
  8227 | D:7      | Found an opulent altar of Gozag.
  8389 | D:7      | Found a sacrificial altar of Ru.
  8542 | D:7      | Reached XP level 10. HP: 51/64 MP: 10/10
  8630 | D:7      | Reached skill level 13 in Maces & Flails
  8850 | D:7      | Found an iron altar of Okawaru.
  8872 | D:7      | Became a worshipper of Warmaster Okawaru
  9125 | D:8      | Found an ancient bone altar of Kikubaaqudgha.
  9230 | D:8      | Noticed a two-headed ogre
  9374 | D:8      | Found a runed translucent gate.
  9374 | D:8      | Found a runed translucent gate.
  9374 | D:8      | Found a runed translucent gate.
  9382 | D:8      | Noticed DerHolg's ghost (novice DrFE)
  9773 | D:8      | Killed a two-headed ogre
  9773 | D:8      | Reached * piety under Okawaru
  9867 | D:8      | Noticed a two-headed ogre
  9873 | D:8      | Killed a two-headed ogre
  9873 | D:8      | Reached ** piety under Okawaru
  9874 | D:8      | Reached skill level 14 in Maces & Flails
  9969 | D:8      | Noticed Prince Ribbit
  9973 | D:8      | Killed Prince Ribbit
 10781 | D:9      | Reached *** piety under Okawaru
 10967 | D:9      | Reached XP level 11. HP: 68/68 MP: 11/11
 11022 | D:9      | Reached skill level 5 in Armour
 11084 | D:9      | Noticed a centaur warrior
 11084 | D:9      | Noticed a tengu warrior
 11086 | D:9      | Noticed a two-headed ogre
 11087 | D:9      | Found a large runed translucent door.
 11090 | D:9      | Found a large runed translucent door.
 11114 | D:9      | Killed a tengu warrior
 11115 | D:9      | Reached skill level 15 in Maces & Flails
 11116 | D:9      | Killed a centaur warrior
 11118 | D:9      | Killed a two-headed ogre
 11118 | D:9      | Reached **** piety under Okawaru
 11142 | D:9      | Found a shimmering altar of Xom.
 11142 | D:9      | Noticed a stone giant
 11152 | D:9      | Killed a stone giant
 11297 | D:9      | Found an ornate altar of the Wu Jian Council.
 11297 | D:9      | Noticed a wolf spider
 11303 | D:9      | Killed a wolf spider
 11977 | D:10     | Entered Level 10 of the Dungeon
 12269 | D:10     | You fall into a shaft and drop 2 floors!
 12301 | D:12     | You fall into a shaft and drop 1 floor!
 12317 | D:11     | Noticed a boulder beetle
 12336 | D:11     | You fall into a shaft and drop 3 floors!
 12337 | D:14     | Noticed a manticore
 12343 | D:14     | Killed a manticore
 12580 | D:14     | Noticed a centaur warrior
 12592 | D:14     | Killed a centaur warrior
 12592 | D:14     | Reached ***** piety under Okawaru
 12593 | D:14     | Reached skill level 16 in Maces & Flails
 12764 | D:14     | Noticed Qymaymp's ghost (adept GrEE)
 12764 | D:14     | Noticed a wolf spider
 12764 | D:14     | Noticed a brown ugly thing
 12765 | D:14     | Noticed a stone giant
 12768 | D:14     | Found a runed translucent gate.
 12768 | D:14     | Found a runed translucent gate.
 12768 | D:14     | Found a runed translucent gate.
 13094 | D:13     | Reached XP level 12. HP: 41/73 MP: 12/12
 13527 | D:11     | Noticed a two-headed ogre
 13533 | D:11     | Killed a two-headed ogre
 13714 | D:11     | Noticed a rakshasa
 13714 | D:11     | Noticed a boulder beetle
 13715 | D:11     | Noticed an ettin
 13774 | D:11     | Found a staircase to the Lair.
 13878 | D:11     | Found Xotatus's Gadget Boutique.
 14304 | D:10     | Found a staircase to the Orcish Mines.
 14309 | D:10     | Received a gift from Okawaru
 14599 | D:11     | Found a glowing silver altar of Zin.
 14701 | D:11     | Killed a boulder beetle
 15132 | Lair:1   | Entered Level 1 of the Lair of Beasts
 15179 | Lair:1   | Reached skill level 1 in Shields
 15849 | Lair:1   | Reached ****** piety under Okawaru
 16581 | Lair:2   | Reached skill level 10 in Armour
 16759 | Lair:2   | Found a hole to the Spider Nest.
 16762 | Lair:2   | Received a gift from Okawaru
 17187 | Lair:2   | Reached skill level 5 in Shields
 17439 | Lair:3   | Noticed a four-headed hydra
 17447 | Lair:3   | Killed a four-headed hydra
 17447 | Lair:3   | Received a gift from Okawaru
 17460 | Lair:3   | Reached XP level 13. HP: 27/82 MP: 13/13
 17887 | Lair:3   | Reached skill level 10 in Fighting
 18191 | Lair:3   | Found a runed translucent gate.
 18191 | Lair:3   | Found a runed translucent gate.
 18191 | Lair:3   | Found a runed translucent gate.
 18192 | Lair:3   | Noticed a minotaur
 18198 | Lair:3   | Noticed Befuwnopp's ghost (journeyman TrHu)
 18572 | Lair:3   | Received a gift from Okawaru
 18757 | Lair:3   | Found a staircase to the Swamp.
 19805 | Lair:4   | Received a gift from Okawaru
 19822 | Lair:4   | Reached skill level 10 in Shields
 20941 | Lair:4   | Gained mutation: Your large and strong wings let you fly
                  | indefinitely. [Gargoyle growth]
 20941 | Lair:4   | Reached XP level 14. HP: 81/91 MP: 14/14
 21634 | Lair:5   | Found a gate leading to a gauntlet.
 21648 | Gauntlet | Entered a Gauntlet
 21648 | Gauntlet | Found a transporter.
 21648 | Gauntlet | Found a transporter.
 21702 | Gauntlet | Found a transporter.
 21705 | Gauntlet | Found a transporter.
 21705 | Gauntlet | Found a transporter.
 21719 | Gauntlet | Found a transporter.
 21727 | Gauntlet | Found a runed translucent door.
 21727 | Gauntlet | Found a runed translucent door.
 21731 | Gauntlet | Found a transporter.
 21735 | Gauntlet | Found a transporter.
 21743 | Gauntlet | Found a transporter.
 21759 | Gauntlet | Found a transporter.
 21774 | Gauntlet | Found a transporter.
 21777 | Gauntlet | Found a transporter.
 21822 | Gauntlet | Received a gift from Okawaru
 21997 | Gauntlet | Engulfed by a cloud of freezing vapour

Illustrated notes

Levels and vault maps discovered:
D:1:      dpeg_arrival_long_road, layout_basic
D:2:      cheibrodos_fertilizer, layout_basic, kennysheep_generic_room_9,
          uniq_terence, uniq_jessica
D:3:      layout_basic, elyvilon_altar_1, ashenzari_altar_1, uniq_ijyb
D:4:      layout_loops_corners, makhleb_heckhound_becter,
          minmay_temple_entry_statues_pillars, serial_park_tiny_2,
          uniq_crazy_yiuf_cottage, uniq_menkaure, uniq_edmund
D:5:      layout_layer_cave, general_overflow_altar,
          nicolae_qazlal_general_emergency, uniq_pikel
D:6:      layout_loops_ring, nzn_hepliaklqana_mist_gate, minitemple,
          serial_shops, shop, uniq_maggie, uniq_grinder, uniq_duvessa
D:7:      minmay_octagon_keep, layout_basic, grunt_gozag_breadcrumbs,
          kennysheep_mini_moat, nicolae_ru_the_path_less_chosen,
          nemelex_altar_shiori, overflow_temple_1_default, serial_shops, shop
D:8:      layout_basic, nicolae_overflow_hidden_temple,
          gammafunk_ghost_necromancy, uniq_prince_ribbit1
D:9:      layout_irregular_city, jmf_multi_god_temple2
D:10:     layout_long_grid, david_orc_2
D:11:     minmay_klotski, layout_irregular_city, erik_lair_orcish_takeover,
          basic_altar, serial_shops, shop_coins
D:12:     layout_cave_pools
D:13:     layout_big_octagon, david_vaults_1, chequers_garden, xom_redecorated
D:14:     layout_loops_ring, gammafunk_ghost_split, minivault_14,
          nicolae_water_bricks, minmay_misc_feat_hallway
Temple:   compressed_dpeg_triangle_lava_temple
Lair:1:   layout_roguey
Lair:2:   layout_long_grid, spider_nest_entry_a, grunt_forest_large_clearings
Lair:3:   layout_regular_city, minmay_swamp_entry_swarm,
          maelrawn_ghost_gauntlet_escape, serial_bayou_pond_e,
          minmay_lair_oklob_chamber, grunt_megastairs_3, serial_bayou_shore_b
Lair:4:   regret_index_bee_streams, layout_cave_pods, grunt_megastairs_5,
          infiniplex_staircase_pool_2
Lair:5:   nzn_winding_woodlands_huge [nzn_winding_woodlands_5x15_lazy_stream,
          nzn_winding_woodlands_5x15_sidewinder,
          nzn_winding_woodlands_5x15_split_checker,
          nzn_winding_woodlands_5x15_pathside_ponds,
          nzn_winding_woodlands_5x15_sawtooth,
          nzn_winding_woodlands_5x15_concentric,
          nzn_winding_woodlands_5x15_garden, nzn_winding_woodlands_5x15_pool,
          nzn_winding_woodlands_5x15_default, nzn_winding_woodlands_5x15_zeroes,
          nzn_winding_woodlands_center_diamonds,
          nzn_winding_woodlands_center_pierced_h,
          nzn_winding_woodlands_15x15_eel_pit], layout_regular_city,
          minmay_slime_entry_jelly_boxes, gauntlet_entry_generic,
          nicolae_volcano_entry_hallway, uniq_kirke
Gauntlet: minmay_gauntlet_77_indecision [minmay_gauntlet_arena_77_two_lines,
          minmay_gauntlet_arena_77_fan, minmay_gauntlet_arena_77_shame_cube,
          minmay_gauntlet_arena_77_box, minmay_gauntlet_arena_77_p_blocks,
          minmay_gauntlet_arena_77_checkered, gauntlet_exit_green]

Skill      XL: |  1  2  3  4  5  6  7  8  9 10 11 12 13 14 |
---------------+-------------------------------------------+-----
Armour         | 1 2 3 4 7 10 | 10.0
Maces & Flails | 1 2 4 6 7 10 12 14 16 | 16.6
Fighting       | 9 11 12 | 12.2
Shields        | 5 11 12 | 12.2
Dodging        | |  1.0
Stealth        | |  2.1

Action                   |  1- 3 |  4- 6 |  7- 9 | 10-12 | 13-15 || total
-------------------------+-------+-------+-------+-------+-------++-------
Melee: Short sword       |    77 |       |       |       |       ||    77
       Flail             |     5 |   183 |   308 |   208 |       ||   704
       Morningstar       |       |       |       |   452 |   534 ||   986
       Punch             |       |       |       |     1 |       ||     1
Throw: Dart              |    10 |     7 |     7 |     7 |       ||    31
Invok: Heroism           |       |       |       |     4 |     1 ||     5
Evoke: Wand              |       |       |     1 |     7 |     1 ||     9
  Use: Potion            |       |       |     1 |     6 |       ||     7
       Scroll            |       |       |       |    15 |    12 ||    27
 Stab: Sleeping          |     1 |       |       |     1 |       ||     2
       Distracted        |       |       |       |       |     1 ||     1
Armor: Leather armour    |    40 |     2 |       |       |       ||    42
       Chain mail        |       |   163 |    69 |       |       ||   232
       Ring mail         |       |       |    90 |   362 |   158 ||   610
Dodge: Dodged            |    66 |   100 |   157 |   359 |   138 ||   820
Block: Kite shield       |       |       |       |    12 |   317 ||   329
